 Dungeon Crawl Stone Soup version 0.24-a0-333-g864f2b5 (webtiles) character file.

Game seed: 15028986892046020714

57204 MisterFreud the Peltast (level 14, -12/122 HPs)
             Began as a Minotaur Monk on May 17, 2019.
             Was the Champion of the Shining One.
             Mangled by an orc knight
             ... wielding a +0 war axe
              (44 damage)
             ... while paralysed by an orc sorcerer
             ... on level 2 of the Orcish Mines.
             The game lasted 00:40:00 (18689 turns).

MisterFreud the Peltast (Minotaur Monk)            Turns: 18689, Time: 00:40:00

Health: -12/122    AC: -3    Str: 23    XL:     14   Next: 44%
Magic:  0/19       EV:  2    Int:  7    God:    the Shining One [******]
Gold:   1398       SH:  0    Dex: 15    Spells: 13/13 levels left

rFire    + . .     SeeInvis +   u - +0 morningstar
rCold    + + .     Gourm    .   L - +5 large shield of Wohiod {rF+ Str+4 SInv}
rNeg     + + +     Faith    .   n - +2 ring mail {rC+}
rPois    .         Spirit   +   (helmet restricted)
rElec    .         Reflect  .   o - scarf {Spirit}
rCorr    .         Harm     +   e - +1 pair of gloves
MR       +....                  s - +0 pair of boots (curse)
Stlth    +.........             l - amulet of harm
HPRegen  0.30/turn              h - ring of protection from cold
MPRegen  0.16/turn              A - +3 ring of evasion

@: paralysed, corroded, glowing, studying Crossbows
A: retaliatory headbutt, horns 2
a: Divine Shield, Cleansing Flame, Summon Divine Warrior, Brand Weapon With Holy
Wrath, Renounce Religion


You were on level 2 of the Orcish Mines.
You worshipped the Shining One.
The Shining One was exalted by your worship.
You were not hungry.

You visited 4 branches of the dungeon, and saw 21 of its levels.

You collected 1398 gold pieces.

Inventory:

Hand Weapons
 a - a +0 mace
 u - a +0 morningstar (weapon)
Missiles
 d - 2 throwing nets (quivered)
 K - 88 bolts
Armour
 b - a +0 robe
 e - a +1 pair of gloves (worn)
 n - a +2 ring mail of cold resistance (worn)
 o - a scarf of spirit shield (worn)
 s - a cursed +0 pair of boots (worn)
 L - the +5 large shield of Wohiod (worn) {rF+ Str+4 SInv}
   (You found it on level 10 of the Dungeon)

   It affects your strength (+4).
   It protects you from fire.
   It lets you see invisible.
Jewellery
 h - a ring of protection from cold (left hand)
 l - an amulet of harm (around neck)
 A - a +3 ring of evasion (right hand)
 B - an uncursed ring of resist corrosion
Wands
 g - a wand of polymorph (17)
 w - a wand of iceblast (23)
 x - a wand of flame (53)
 C - a wand of acid (1)
 H - a wand of enslavement (3)
 O - a wand of digging (2)
 P - a wand of paralysis (9)
 V - a wand of disintegration (11)
Scrolls
 j - 4 scrolls of fog
 p - 12 scrolls of remove curse
 q - a scroll of blinking
 y - 4 scrolls of amnesia
 D - 2 scrolls of enchant armour
 E - 3 scrolls of immolation
 Q - 5 scrolls of identify
 T - a scroll of silence
 U - a scroll of fear
 W - 2 scrolls of magic mapping
Potions
 k - 2 potions of might
 m - 2 potions of brilliance {unknown}
 r - 3 potions of flight
 t - a potion of ambrosia
 v - 4 potions of mutation
 z - a potion of invisibility
 F - 4 potions of curing
 G - 5 potions of heal wounds
 J - 5 potions of haste
 N - a potion of berserk rage
 S - a potion of magic
Books
 f - a manual of Crossbows
Comestibles
 c - 31 rations
 i - 9 chunks of flesh


   Skills:
 - Level 10.6 Fighting
 - Level 14.0 Maces & Flails
 - Level 8.0 Armour
 - Level 8.0 Dodging
 - Level 1.5 Stealth
 + Level 19.2 Shields
 + Level 8.1 Invocations


You had 13 spell levels left.
You didn't know any spells.
Your spell library contained the following spells:

 Spells                   Type           Power        Failure   Level  Hunger
 Apportation              Tloc           #.....       82%         1    ##.....
 Flame Tongue             Conj/Fire      #....        82%         1    ##.....
 Infusion                 Chrm           #...         82%         1    ##.....
 Summon Butterflies       Summ           #.......     82%         1    ##.....
 Shroud of Golubria       Chrm/Tloc      #.........   91%         2    ###....
 Song of Slaying          Chrm           #.......     91%         2    ###....
 Throw Flame              Conj/Fire      #.....       91%         2    ###....
 Conjure Flame            Conj/Fire      #.......     99%         3    ####...
 Inner Flame              Hex/Fire       #.......     99%         3    ####...
 Lesser Beckoning         Tloc           #.........   99%         3    ####...
 Regeneration             Chrm/Necr      #.........   99%         3    ####...
 Spectral Weapon          Hex/Chrm       #.......     99%         3    ####...
 Tukima's Dance           Hex            #.......     99%         3    ####...
 Sticky Flame             Conj/Fire      #.......     100%        4    #####..
 Alistair's Intoxication  Tmut/Pois      #.......     100%        5    ######.
 Fireball                 Conj/Fire      #.........   100%        5    ######.
 Invisibility             Hex            #.......     100%        6    #######


Dungeon Overview and Level Annotations

Branches:
Dungeon (12/15)            Temple (1/1) D:6            Lair (6/6) D:8
 Shoals (0/4) Lair:2       Spider (0/4) Lair:3        Slime (0/5) Lair:6
    Orc (2/2) D:9             Elf (0/3) Orc:2

Altars:
Ashenzari
Cheibriados
Dithmenos
Elyvilon
Fedhas
Gozag
Kikubaaqudgha
Makhleb
Nemelex Xobeh
Okawaru
Qazlal
Sif Muna
Trog
Vehumet
Wu Jian
Xom
Yredelemnul
Zin
The Shining One
Jiyva

Shops:
D:9 [   Orc:2 (*

Annotations:
D:4 2 transporters, theanonym's ghost, amateur MiCK
D:7 1 runed translucent door, zkyp's ghost, novice TeSu
D:11 1 runed translucent door, kal9871's ghost, journeyman SpVM
Lair:6 2 runed translucent doors, Sonja


Innate Abilities, Weirdness & Mutations

You reflexively headbutt those who attack you in melee.
You have a pair of horns on your head.


Message History

You completely miss the orc high priest.
You headbutt the orc high priest.
The orc high priest is heavily wounded.
The orc sorcerer gestures at you while chanting.
You suddenly lose the ability to move!
The orc knight hits you with a +0 war axe!!!
The rust devil hits you. The rust devil corrodes you! The rust devil hits you.
The rust devil corrodes you!
The orc warrior hits you with a +0 hand axe!!
The rust devil hits you! The rust devil corrodes you!
The orc high priest hits you with a +0 scimitar.
* * * LOW HITPOINT WARNING * * *
The orc sorcerer hits you with a +0 dagger.
* * * LOW HITPOINT WARNING * * *
The neqoxec gestures.
The rust devil hits you.
* * * LOW HITPOINT WARNING * * *
The rust devil corrodes you!
The orc knight hits you with a +0 war axe!!!
You die...

# #..... ... # $.......
... # .# ......... ....
# #.####.#...... .....
###....#........###5....
##<...........#.#3O5....
#...............4oo.....
#....#.........o@ooo.o..
...............4o4o.....
..................o.....
).......................
..).........<..........∩
.#......................
........................
.......>...........P..P8
..........#............


You could see 2 orc knights, an orc high priest, 3 rust devils, a neqoxec, an
orc sorcerer, 4 orc warriors, an ogre, an iron imp, an orc priest, a quasit and
an orc.

Vanquished Creatures
  Snorg (Lair:6)
  8 hydras
  A death knight (D:11)
  6 two-headed ogres
  Urug (Lair:1)
  Nergalle (D:11)
  A skeletal warrior (D:12)
  2 unseen horrors
  An orc knight (Orc:2)
  A lindwurm (Lair:6)
  A phantasmal warrior (D:12)
  An orc sorcerer (Orc:2)
  3 merfolk sirens (Lair:2)
  11 elephants
  4 black mambas
  A centaur zombie (D:11)
  A manticore (D:12)
  3 molten gargoyles (Lair:6)
  A centaur skeleton (D:10)
  2 gargoyles
  8 spiny frogs
  8 komodo dragons
  A kobold demonologist (D:11)
  6 rime drakes
  A freezing wraith (D:11)
  2 trolls (Orc:1)
  4 jumping spiders (Lair:3)
  A merfolk (Lair:2)
  A hornet (D:11)
  2 polar bears (Lair:5)
  5 hippogriffs
  6 slime creatures
  17 blink frogs
  5 wyverns
  A wraith (D:11)
  4 redbacks (Lair:3)
  A spriggan (D:9)
  A shadow (D:11)
  7 basilisks
  29 yaks
  Edmund (D:4)
  7 water moccasins
  A soldier ant (D:11)
  5 hell hounds (Lair:6)
  5 porcupines
  7 ice beasts
  17 orc warriors
  3 sky beasts
  7 necrophages (Lair:2)
  2 black bears
  2 phantoms
  An eye of draining (D:12)
  8 ogres
  6 wolves
  5 centaurs
  15 crocodiles
  The ghost of nikopol the Firebug, an amateur DEFE (D:3)
  25 bullfrogs
  A wyvern zombie (D:10)
  2 scorpions
  8 killer bees (D:11)
  16 wights
  2 electric eels (Lair:3)
  A bullfrog zombie (D:5)
  6 crimson imps
  8 hounds
  6 lava snakes (Lair:6)
  8 orc priests
  3 jellies
  A gnoll shaman (D:3)
  9 orc wizards
  3 bullfrog skeletons
  3 iguanas
  6 worker ants
  2 hound skeletons
  A howler monkey skeleton (D:6)
  A worker ant zombie (D:7)
  15 adders
  11 gnolls (D:3)
  6 shadow imps
  An adder zombie (D:9)
  An ooze (D:8)
  3 adder skeletons
  A worm (D:2)
  2 dart slugs
  3 leopard geckos
  36 orcs
  14 bats
  3 giant cockroaches
  7 goblins
  11 hobgoblins
  8 jackals
  3 quokkas
  2 frilled lizards (D:3)
  7 kobolds
  2 leopard gecko skeletons (D:4)
  A leopard gecko zombie (D:5)
  A quokka skeleton (D:4)
  7 rats
511 creatures vanquished.

Vanquished Creatures (collateral kills)
  2 killer bees (D:11)
2 creatures vanquished.

Vanquished Creatures (others)
  11 fungi
  8 plants
19 creatures vanquished.

Grand Total: 532 creatures vanquished

Notes
Turn   | Place    | Note
-------+----------+-------------------------------------------
     0 | D:1      | MisterFreud the Minotaur Monk began the quest for the Orb.
     0 | D:1      | Reached XP level 1. HP: 19/19 MP: 0/0
   200 | D:1      | Reached XP level 2. HP: 25/26 MP: 1/1
   818 | D:1      | Reached skill level 5 in Maces & Flails
   818 | D:1      | Reached XP level 3. HP: 13/31 MP: 2/2
  1463 | D:2      | Reached XP level 4. HP: 36/39 MP: 3/3
  2231 | D:3      | Found a shimmering altar of Xom.
  2248 | D:3      | Reached XP level 5. HP: 44/45 MP: 4/4
  2653 | D:3      | Found a transporter.
  2674 | D:3      | Noticed nikopol's ghost (amateur DEFE)
  2779 | D:3      | Found a transporter.
  3307 | D:3      | Reached XP level 6. HP: 29/51 MP: 2/5
  3401 | D:3      | Killed nikopol's ghost
  3674 | D:4      | Found a burning altar of Makhleb.
  3984 | D:4      | Found a transporter.
  4004 | D:4      | Found a transporter.
  4005 | D:4      | Noticed theanonym's ghost (amateur MiCK)
  4037 | D:4      | Reached XP level 7. HP: 51/57 MP: 4/6
  4243 | D:4      | Noticed Edmund
  4646 | D:4      | Killed Edmund
  4646 | D:4      | Reached skill level 10 in Maces & Flails
  4774 | D:5      | Entered Level 5 of the Dungeon
  5647 | D:5      | Reached XP level 8. HP: 41/64 MP: 4/7
  5867 | D:6      | Reached skill level 1 in Armour
  5934 | D:6      | Found a snail-covered altar of Cheibriados.
  5943 | D:6      | Found a shimmering altar of Xom.
  6016 | D:6      | Reached skill level 5 in Fighting
  6160 | D:6      | Found a staircase to the Ecumenical Temple.
  6170 | Temple   | Entered the Ecumenical Temple
  6308 | Temple   | Became a worshipper of the Shining One
  6308 | Temple   | Reached * piety under the Shining One
  6308 | Temple   | Reached ** piety under the Shining One
  6478 | D:7      | Reached XP level 9. HP: 66/74 MP: 5/8
  6500 | D:7      | Found a deep blue altar of Sif Muna.
  7038 | D:7      | Found a runed translucent door.
  7038 | D:7      | Noticed zkyp's ghost (novice TeSu)
  7074 | D:8      | Reached skill level 5 in Armour
  7074 | D:8      | Reached skill level 5 in Dodging
  7162 | D:8      | Found a shadowy altar of Dithmenos.
  7164 | D:8      | Reached *** piety under the Shining One
  7204 | D:8      | Found a stormy altar of Qazlal.
  7204 | D:8      | Found a white marble altar of Elyvilon.
  7228 | D:8      | Noticed a two-headed ogre
  7232 | D:8      | Killed a two-headed ogre
  7547 | D:8      | Noticed an elephant
  7561 | D:8      | Killed an elephant
  7561 | D:8      | Reached XP level 10. HP: 61/86 MP: 7/9
  7577 | D:8      | Found a staircase to the Lair.
  7630 | D:8      | Found a glowing silver altar of Zin.
  7660 | D:8      | Found a blossoming altar of Fedhas.
  7832 | D:8      | Found a sparkling altar of Nemelex Xobeh.
  7927 | D:9      | Found a shattered altar of Ashenzari.
  7941 | D:9      | Noticed a two-headed ogre
  7960 | D:9      | Killed a two-headed ogre
  8287 | D:9      | Found Walo's Armour Shoppe.
  8288 | D:9      | Found a staircase to the Orcish Mines.
  8395 | D:9      | Reached **** piety under the Shining One
  8774 | D:9      | Found an opulent altar of Gozag.
  8878 | D:10     | Entered Level 10 of the Dungeon
  8946 | D:10     | Noticed a two-headed ogre
  8956 | D:10     | Killed a two-headed ogre
  9018 | D:10     | Reached XP level 11. HP: 99/99 MP: 10/10
  9025 | D:10     | Reached skill level 10 in Fighting
  9212 | D:10     | Got a warped large shield
  9218 | D:10     | Identified the +5 large shield of Wohiod {rF+ Str+4 SInv}
                  | (You found it on level 10 of the Dungeon)
  9324 | D:10     | Reached skill level 1 in Shields
  9627 | D:11     | Reached skill level 2 in Shields
  9672 | D:11     | Reached skill level 3 in Shields
  9739 | D:11     | Reached skill level 4 in Shields
  9946 | D:11     | Noticed an unseen horror
  9953 | D:11     | Killed an unseen horror
  9953 | D:11     | Reached skill level 5 in Shields
 10006 | D:11     | Reached skill level 6 in Shields
 10062 | D:11     | Noticed Nergalle
 10074 | D:11     | Killed Nergalle
 10074 | D:11     | Reached skill level 7 in Shields
 10421 | D:11     | Found a runed translucent door.
 10421 | D:11     | Noticed kal9871's ghost (journeyman SpVM)
 10430 | D:11     | Noticed a two-headed ogre
 10437 | D:11     | Killed a two-headed ogre
 10437 | D:11     | Reached skill level 8 in Shields
 10525 | D:12     | Reached ***** piety under the Shining One
 10676 | D:12     | Reached skill level 9 in Shields
 10771 | D:12     | Noticed an unseen horror
 10795 | D:12     | Noticed a death knight
 10809 | D:12     | Noticed a skeletal warrior
 10817 | D:12     | Noticed a death knight
 10819 | D:12     | Noticed a phantasmal warrior
 10820 | D:12     | Noticed a skeletal warrior
 11111 | D:12     | Noticed a two-headed ogre
 11142 | D:12     | Killed a two-headed ogre
 11142 | D:12     | Reached skill level 10 in Shields
 11547 | Lair:1   | Entered Level 1 of the Lair of Beasts
 11699 | Lair:1   | Reached skill level 11 in Shields
 11807 | Lair:1   | Reached XP level 12. HP: 108/108 MP: 11/11
 12032 | Lair:1   | Noticed Urug
 12044 | Lair:1   | Killed Urug
 12044 | Lair:1   | Reached skill level 12 in Shields
 12398 | Lair:2   | Reached skill level 13 in Shields
 12806 | Lair:2   | Reached skill level 14 in Shields
 12924 | Lair:2   | Found a staircase to the Shoals.
 13157 | Lair:2   | Reached skill level 15 in Shields
 13287 | Lair:2   | Reached skill level 1 in Invocations
 13778 | Lair:3   | Reached XP level 13. HP: 70/114 MP: 9/13
 14046 | Lair:3   | Found a hole to the Spider Nest.
 14137 | Lair:3   | Reached skill level 16 in Shields
 14431 | Lair:4   | Reached ****** piety under the Shining One
 14452 | Lair:4   | Reached skill level 5 in Invocations
 15528 | Lair:5   | Reached skill level 17 in Shields
 15678 | Lair:6   | Entered Level 6 of the Lair of Beasts
 15900 | Lair:6   | Noticed Snorg
 15917 | Lair:6   | Killed Snorg
 15968 | Lair:6   | Found a viscous altar of Jiyva.
 15968 | Lair:6   | Found a staircase to the Slime Pits.
 16014 | Lair:6   | Reached skill level 18 in Shields
 16135 | Lair:6   | Reached XP level 14. HP: 106/122 MP: 14/17
 16512 | Lair:6   | Noticed Sonja
 16514 | Lair:6   | Found a large runed translucent door.
 16558 | Lair:6   | Found a large runed translucent door.
 17905 | D:12     | Reached skill level 19 in Shields
 18234 | Orc:1    | Entered Level 1 of the Orcish Mines
 18467 | Orc:1    | You fall through a shaft!
 18467 | Orc:2    | Entered Level 2 of the Orcish Mines
 18467 | Orc:2    | Found Jerorifi's Antique Weapon Shop.
 18587 | Orc:2    | Found a staircase to the Elven Halls.
 18684 | Orc:2    | Found Tais's General Store.
 18688 | Orc:2    | Paralysed by an orc sorcerer for 4 turns
 18689 | Orc:2    | Mangled by an orc knight

Levels and vault maps discovered:
D:1:      nzn_arrival_water_spiral, layout_basic, serial_bayou_pond_e
D:2:      layout_rooms, first_ration, minmay_misc_feat_nine_boxes
D:3:      layout_loops_cross, gammafunk_ghost_gnarly_gnolls, tgw_xom
D:4:      layout_layer_cave, makhleb_blood_cavern_becter,
          gammafunk_ghost_stat_death, uniq_edmund
D:5:      layout_basic, grunt_ministairs_7
D:6:      layout_rooms, grunt_temple_overflow_open,
          minmay_temple_entry_large_hall, serial_corexii_hall,
          corexii_hall_statues_deadend, corexii_hall_statues_l
D:7:      layout_loops_ring, ebering_ghost_inner_flame, basic_altar
D:8:      layout_cave_pools, grunt_dithmenos_shadows, zin_academy,
          gammafunk_temple_overflow_elements, david_lair_generic,
          serial_column_ruins, column_ruins_temple_circle, column_ruins_hut,
          column_ruins_corridor_corner, column_ruins_open_medium,
          column_ruins_grid_1, column_ruins_columns_corner,
          column_ruins_open_small, nemelex_dance_club_becter
D:9:      layout_rooms, kennysheep_little_box, nicolae_overflow_crystal_walls,
          orc_david_3, grunt_pizzeria, minmay_misc_feat_diagonals
D:10:     layout_long_grid
D:11:     layout_layer_cave, gammafunk_ghost_grave, uniq_nergalle
D:12:     layout_rooms, skrybe_limestone_x
Temple:   nicolae_temple_figure_eight
Lair:1:   layout_chaotic_city, uniq_urug
Lair:2:   layout_small_grid, elwin_shoals_entry_stream, bh_autumn_forest_stairs,
          roderic_carrion_pond, grunt_megastairs_1
Lair:3:   layout_hall_layers, nicolae_spider_entry_tight_spaces,
          nicolae_quartered_pool_medium
Lair:4:   layout_concentric_octagons, serial_bayou_shore_b
Lair:5:   layout_hall_layers, serial_bayou_lagoon_a, st_stairs_3,
          lemuel_fruit_fields, grunt_megastairs_4, lemuel_fruit_fields
Lair:6:   cheibrodos_lair_end_hotspot, layout_gridlike,
          dpeg_slime_entry_enclosed_altar, patterned_corridor, uniq_snorg,
          uniq_sonja
Orc:1:    layout_diamond_mine, serial_shops, nicolae_shop_behind_doors
Orc:2:    grunt_orc_gardens, layout_caves, grunt_orc_garden, grunt_orc_garden,
          grunt_orc_garden, grunt_orc_garden, basic_altar, guppyfry_library_mini

Skill      XL: |  1  2  3  4  5  6  7  8  9 10 11 12 13 14 |
---------------+-------------------------------------------+-----
Maces & Flails | 4 5 6 8 9 11 12 13 14 | 14.0
Fighting       | 5 7 9 10 | 10.6
Armour         | 3 6 8 |  8.0
Dodging        | 4 6 8 |  8.0
Shields        | 11 15 18 19 | 19.2
Invocations    | 2 6 8 |  8.1
Stealth        | |  1.5

Action                   |  1- 3 |  4- 6 |  7- 9 | 10-12 | 13-15 || total
-------------------------+-------+-------+-------+-------+-------++-------
Melee: Mace              |    74 |    76 |       |       |       ||   150
       Headbutt          |    14 |    15 |    35 |   142 |   169 ||   375
       Morningstar       |       |    59 |   228 |   585 |   578 ||  1450
Evoke: Wand              |       |       |       |     1 |     1 ||     2
  Use: Scroll            |       |     8 |     9 |    14 |     4 ||    35
       Potion            |       |     4 |       |     1 |     2 ||     7
 Stab: Sleeping          |     3 |     5 |     1 |       |       ||     9
  Eat: Chunk             |     2 |     8 |    11 |    20 |    13 ||    54
       Ration            |       |       |       |       |     1 ||     1
Armor: Robe              |    19 |    23 |     2 |       |       ||    44
       Ring mail         |       |       |    64 |    62 |    49 ||   175
Dodge: Dodged            |    65 |   119 |   145 |   227 |   159 ||   715
Block: Large shield      |       |       |       |   464 |   579 ||  1043

Table legend:
 A = Non-vault XP
 B = Vault XP
 C = Vault XP percentage of total XP
 D = Non-vault monster count
 E = Vault monster count
 F = Vault count percentage of total count
                 A         B        C        D         E       F
            +---------+---------+-------+---------+---------+-------
      Total |   58005 |   23716 |  29.0 |     412 |     101 |  19.7
            +---------+---------+-------+---------+---------+-------
        D:1 |      41 |       0 |   0.0 |      17 |       0 |   0.0
        D:2 |      67 |       0 |   0.0 |      22 |       0 |   0.0
        D:3 |     141 |     292 |  67.4 |      37 |      13 |  26.0
        D:4 |     163 |     211 |  56.4 |       9 |       2 |  18.2
        D:5 |     508 |      18 |   3.4 |      16 |       3 |  15.8
        D:6 |    1282 |       0 |   0.0 |      27 |       0 |   0.0
        D:7 |     979 |       0 |   0.0 |      23 |       0 |   0.0
        D:8 |    1614 |    1217 |  43.0 |      12 |       8 |  40.0
        D:9 |    2209 |     896 |  28.9 |      21 |      10 |  32.3
       D:10 |    2814 |       0 |   0.0 |      24 |       0 |   0.0
       D:11 |    7760 |     789 |   9.2 |      41 |       1 |   2.4
       D:12 |    5683 |       0 |   0.0 |      24 |       0 |   0.0
     Lair:1 |    3652 |     835 |  18.6 |      20 |       1 |   4.8
     Lair:2 |    7339 |    3321 |  31.2 |      36 |      15 |  29.4
     Lair:3 |    5860 |    2049 |  25.9 |      26 |       8 |  23.5
     Lair:4 |    5391 |       0 |   0.0 |      14 |       0 |   0.0
     Lair:5 |    3366 |     778 |  18.8 |      11 |       4 |  26.7
     Lair:6 |    6555 |   11750 |  64.2 |      21 |      28 |  57.1
      Orc:1 |    1980 |       0 |   0.0 |      10 |       0 |   0.0
      Orc:2 |     601 |    1560 |  72.2 |       1 |       8 |  88.9
            +---------+---------+-------+---------+---------+-------
